 Dungeon Crawl Stone Soup version 0.21-a0-227-g58a7c62 (webtiles) character file.

57 terra52 the Skirmisher (level 3, -2/45 HPs)
             Began as a Demonspawn Chaos Knight on Aug 31, 2017.
             Slain by an adder (5 damage)
             ... on level 1 of the Dungeon.
             The game lasted 00:03:34 (718 turns).

terra52 the Skirmisher (Demonspawn Chaos Knight)     Turns: 718, Time: 00:03:35

Health: -2/45      AC:  7    Str: 18    XL:     3   Next: 73%
Magic:  3/3        EV: 11    Int: 13    God:    Xom [*.....]
Gold:   81         SH:  0    Dex: 12    Spells: 2/2 levels left

rFire    . . .     SeeInvis .   a - +0 short sword (chaos)
rCold    . . .     Gourm    .   (no shield)
rNeg     . . .     Faith    .   b - +2 leather armour
rPois    .         Spirit   .   (no helmet)
rElec    .         Reflect  .   (no cloak)
rCorr    .         Harm     .   (no gloves)
MR       .....                  (no boots)
Stlth    ..........             (no amulet)
HPRegen  0.15/turn              (no ring)
MPRegen  0.08/turn              (no ring)

@: berserking, lethally poisoned (-2 -> -5), very quick
A: iridescent scales 1
a: Renounce Religion


You were on level 1 of the Dungeon.
You worshipped Xom.
You were a special plaything of Xom.
You were not hungry.

You visited 1 branch of the dungeon, and saw 3 of its levels.

You collected 81 gold pieces.

Inventory:

Hand Weapons
 a - a +0 short sword of chaos (weapon)
 m - a +0 short sword of speed
Missiles
 d - 5 tomahawks (quivered)
Armour
 b - a +2 leather armour (worn)
 g - a +0 scale mail
Scrolls
 e - 2 scrolls of teleportation {unknown}
 f - a scroll of blinking {unknown}
 h - a scroll of identify {unknown}
 i - 2 scrolls of enchant weapon {unknown}
 j - a scroll of fear {unknown}
 k - a scroll of remove curse {unknown}
Potions
 l - a potion of curing {unknown}
 q - a potion of cancellation {unknown}
Comestibles
 c - 3 bread rations
 o - a meat ration
 p - 4 chunks of flesh


   Skills:
 + Level 3.7 Fighting
 + Level 3.4 Short Blades
 + Level 2.1 Armour
 + Level 1.1 Dodging
 + Level 0.4 Stealth


You had 2 spell levels left.
You didn't know any spells.

Dungeon Overview and Level Annotations

Branches:
Dungeon (3/15)

Altars:

Annotations:
D:3 TySteely's ghost, amateur HOMo


Innate Abilities, Weirdness & Mutations

You are partially covered in iridescent scales. (AC +2)


Message History

The adder bites you.
* * * LOW HITPOINT WARNING * * *
You closely miss the adder.
The adder is heavily wounded.
You feel sick. The adder bites you.
* * * LOW HITPOINT WARNING * * *
The adder barely misses you.
You hit the adder.
The adder flickers and vanishes!
Deactivating autopickup; reactivate with Ctrl-A.
Something bites you.
* * * LOW HITPOINT WARNING * * *
It was a potion of berserk rage.
A red film seems to cover your vision as you go berserk!
You feel yourself moving faster!
You feel mighty!
Xom thinks this is hilarious!
* * * LOW HITPOINT WARNING * * *
You feel sick. Something bites you but does no damage.
You completely miss something. Something bites you.
You die... "Huh?
Did I miss anything?"

####..####............#
..## ####.........# ###
#.........# #.........#
#.........# #.....(...#
#.........# #..{......#
##.@.....## ##.....##
#######


There were no monsters in sight!

Vanquished Creatures
  2 adders (D:2)
  3 worms (D:3)
  2 dart slugs (D:1)
  A giant cockroach (D:1)
  3 goblins (D:1)
  4 hobgoblins (D:1)
  5 bats
  2 frilled lizards
  2 kobolds
  5 rats
29 creatures vanquished.

Notes
Turn   | Place    | Note
-------+----------+-------------------------------------------
     0 | D:1      | terra52 the Demonspawn Chaos Knight began the quest for the Orb.
     0 | D:1      | Reached XP level 1. HP: 18/18 MP: 1/1
    22 | D:1      | XOM: divination: detect creatures
    88 | D:1      | XOM: divination: detect creatures
   108 | D:1      | Gained mutation: You are partially covered in iridescent scales. (AC +2) [demonic ancestry]
   108 | D:1      | Reached XP level 2. HP: 12/24 MP: 2/2
   291 | D:1      | XOM: divination: detect creatures
   341 | D:2      | XOM: mild Conj miscast
   367 | D:2      | Reached skill level 1 in Dodging
   367 | D:2      | Reached XP level 3. HP: 24/29 MP: 3/3
   517 | D:3      | Noticed TySteely's ghost (amateur HOMo)
   538 | D:3      | XOM: chaos cloud
   546 | D:3      | XOM: harmless Tmut miscast
   718 | D:1      | Slain by an adder

Vault maps used:
D:1:      kennysheep_arrival_forest, minmay_box_of_dots
D:2:      first_bread
D:3:      grunt_ministairs_6

Skill      XL: |  1  2 |
---------------+-------+-----
Armour         | 2 |  2.1
Short Blades   | 3 |  3.4
Dodging        | 1 |  1.1
Fighting       | |  3.7
Stealth        | |  0.4

Action                   || total
-------------------------++-------
Melee: Short sword       ||   121
Throw: Tomahawk          ||     6
  Use: Potion            ||     1
 Stab: Paralysed         ||     1
Armor: Leather armour    ||    53
Dodge: Dodged            ||    73

Table legend:
 A = Spawn XP
 B = Non-spawn XP
 C = Spawn XP percentage of total XP
 D = Spawn monster count
 E = Non-spawn monster count
 F = Spawn count percentage of total count
 G = Total turns spent on level
                    A         B        C        D         E        F      G
               +---------+---------+-------+---------+---------+-------+---------
         Total |       0 |      82 |   0.0 |       0 |      29 |   0.0 |   718
               +---------+---------+-------+---------+---------+-------+---------
           D:1 |       0 |      31 |   0.0 |       0 |      16 |   0.0 |   318
           D:2 |       0 |      33 |   0.0 |       0 |       8 |   0.0 |   258
           D:3 |       0 |      18 |   0.0 |       0 |       5 |   0.0 |   142
               +---------+---------+-------+---------+---------+-------+---------
